 Dungeon Crawl Stone Soup version 0.21-a0-509-gecc5317 (webtiles) character file.

6995 dvd the Basher (level 10, -12/98 HPs)
             Began as a Troll Berserker on Nov 30, 2017.
             Was a High Priest of Trog.
             Mangled by a black mamba (14 damage)
             ... on level 1 of the Lair of Beasts.
             The game lasted 00:21:27 (6953 turns).

dvd the Basher (Troll Berserker)                    Turns: 6953, Time: 00:21:29

Health: -12/98     AC:  8    Str: 32    XL:     10   Next: 82%
Magic:  9/9        EV: 12    Int:  4    God:    Trog [*****.]
Gold:   376        SH:  0    Dex: 11    Spells: 9/9 levels left

rFire    . . .     SeeInvis .   o - +4 flail (protect)
rCold    . . .     Gourm    +   (no shield)
rNeg     . . .     Faith    .   i - +0 troll leather armour {Purgy}
rPois    .         Spirit   .   (helmet restricted)
rElec    .         Reflect  .   D - +0 cloak
rCorr    .         Harm     .   (gloves unavailable)
MR       .....                  (boots unavailable)
Stlth    +.........             H - amulet of regeneration
HPRegen  1.46/turn              (no ring)
MPRegen  0.11/turn              (no ring)

@: confused, mighty, lethally poisoned (-12 -> -18), berserk cooldown, slowed,
very slow
A: large, unfitting armour, claws 3, fast metabolism 3, gourmand, regeneration
1, shaggy fur 1, tough skin 2
a: Berserk, Trog's Hand, Brothers in Arms, Burn Spellbooks, Renounce Religion


You were on level 1 of the Lair of Beasts.
You worshipped Trog.
Trog was extremely pleased with you.
You were completely stuffed.

You visited 2 branches of the dungeon, and saw 10 of its levels.
You also visited: Sewer.

You collected 376 gold pieces.

Inventory:

Hand Weapons
 a - a +2 flail of crushing
 b - a +0 hand axe of draining
 n - a cursed -3 mace
 o - a +4 flail of protection (weapon)
 y - a +1 trident of piercing
 A - a +1 spear of freezing
 E - a +4 quarterstaff of chaos
 P - a +2 antimagic great mace
Missiles
 d - 256 stones
 J - 2 tomahawks (quivered)
Armour
 h - a +0 animal skin
 i - a +0 troll leather armour (worn) {Purgy}
 D - a +0 cloak (worn)
Jewellery
 H - an amulet of regeneration (around neck)
 V - an uncursed amulet of harm {unknown}
Wands
 p - a wand of digging (26)
 t - a wand of polymorph (11)
 u - a wand of acid (9)
 F - a wand of iceblast (23)
 I - a wand of disintegration (25)
 T - a wand of paralysis (29)
Scrolls
 f - a scroll of amnesia {unknown}
 j - 5 scrolls of remove curse {unknown}
 k - 4 scrolls of magic mapping {unknown}
 l - 4 scrolls of teleportation {unknown}
 m - 2 scrolls of immolation {unknown}
 q - 9 scrolls of identify {unknown}
 r - 3 scrolls of enchant weapon {unknown}
 x - 3 scrolls of fog {unknown}
 C - a scroll of enchant armour {unknown}
 M - a scroll of blinking {unknown}
Potions
 e - 4 potions of might
 s - a potion of heal wounds {unknown}
 v - 2 potions of degeneration {unknown}
 w - 2 potions of lignification {unknown}
 K - a potion of berserk rage {unknown}
 L - a potion of agility
 N - a potion of magic {unknown}
 O - 3 potions of flight {unknown}
 Q - a potion of curing {unknown}
 R - 3 potions of ambrosia
 S - a potion of cancellation {unknown}
 U - a potion of resistance {unknown}
 X - a potion of invisibility {unknown}
Books
 W - a book of Minor Magic

   Spells                             Type                      Level
   a - Magic Dart                     Conjuration                  1
   b - Blink                          Translocation                2
   c - Call Imp                       Summoning                    2
   d - Slow                           Hexes                        2
   e - Conjure Flame                  Conjuration/Fire             3
   f - Mephitic Cloud                 Conjuration/Poison/Air       3
   Trog disapproves of the use of such an item.
Comestibles
 c - 6 bread rations
 g - 6 meat rations
 z - 8 fruits
 B - 4 chunks of flesh
 G - 2 royal jellies


   Skills:
 + Level 6.3 Fighting
 + Level 4.8(7.3) Axes
 + Level 9.4(10.0) Maces & Flails
 + Level 0.4(3.0) Polearms
 + Level 4.9 Throwing
 + Level 3.8 Armour
 + Level 5.7 Dodging
 + Level 1.2 Stealth
 + Level 0.2 Evocations


You had 9 spell levels left.
You didn't know any spells.

Dungeon Overview and Level Annotations

Branches:
Dungeon (9/15)             Temple (0/1) D:5            Lair (1/6) D:8
    Orc: D:9-12

Altars:
Dithmenos
Makhleb
Okawaru
Qazlal
Uskayaw
Vehumet
Xom
Zin
The Shining One


Innate Abilities, Weirdness & Mutations

You are too large for most types of armour.
You have claws for hands.
Your metabolism is lightning-fast.
You like to eat raw meat.
Your natural rate of healing is unusually fast.
You are covered in fur. (AC +1)
You have very tough skin. (AC +2)


Message History

The wolf barely misses you. The black mamba misses you. The wolf bites you.
* * * LOW HITPOINT WARNING * * *
It was a potion of might.
You feel very mighty all of a sudden.
You feel very sick. The black mamba bites you.
* * * LOW HITPOINT WARNING * * *
The wolf closely misses you. The black mamba misses you. The wolf bites you!
* * * LOW HITPOINT WARNING * * *
It was a potion of ambrosia.
You are confused.
You feel invigorated.
* * * LOW HITPOINT WARNING * * *
You feel very sick. The black mamba closely misses you.
The wolf closely misses you.
The black mamba bites you but does no damage.
The wolf bites you.
* * * LOW HITPOINT WARNING * * *
The black mamba bites you!
You die...

#.... ....# #....
........ #...#
..##..#..... ##....
...#..##...
.###P...######.#.....#..
........................
........................
......h†..............##
.##(((S@............#.#.
#(.######.###.......##..
. ### #.......#...
#...#...#...
#...#....8.#
#...#..#...#
#...#...#.#.
#...#.......
#...#..#.#..


You could see a black mamba and a wolf.

Vanquished Creatures
  A spiny frog (Lair:1)
  2 komodo dragons (Lair:1)
  A troll (D:8)
  Grinder (D:5)
  A hippogriff (D:8)
  Sigmund (D:5)
  9 yaks
  A basilisk (Lair:1)
  Edmund (D:6)
  2 hell hounds (D:8)
  A water moccasin (Lair:1)
  A porcupine (Lair:1)
  Purgy (D:4)
  2 ice beasts
  A sky beast (D:2)
  2 orc warriors
  2 ogres
  3 wolves (Lair:1)
  3 centaurs
  3 crocodiles
  Blork the orc (D:4)
  4 bullfrogs
  A gnoll sergeant (D:4)
  3 scorpions
  3 crimson imps
  3 hounds
  3 jellies
  Crazy Yiuf (D:5)
  An orc priest (D:5)
  6 orc wizards
  3 centaur skeletons
  4 worker ants
  3 gnoll shamans (D:4)
  2 iguanas
  A hound skeleton (D:5)
  11 adders
  43 gnolls (D:4)
  3 shadow imps (D:8)
  2 adder skeletons
  2 oozes
  A worm (D:2)
  A dart slug (D:2)
  5 leopard geckos
  39 orcs
  3 ball pythons
  3 bats (D:2)
  7 giant cockroaches
  5 goblins
  2 hobgoblins
  24 jackals
  5 quokkas
  11 frilled lizards
  A jackal skeleton (D:7)
  7 kobolds
  A quokka skeleton (D:4)
  A quokka zombie (D:8)
  9 rats
264 creatures vanquished.

Vanquished Creatures (others)
  A hound zombie (D:8)
  A plant (Lair:1)
2 creatures vanquished.

Grand Total: 266 creatures vanquished

Notes
Turn   | Place    | Note
-------+----------+-------------------------------------------
     0 | D:1      | dvd the Troll Berserker began the quest for the Orb.
     0 | D:1      | Reached XP level 1. HP: 22/22 MP: 0/0
   296 | D:1      | Reached XP level 2. HP: 27/29 MP: 1/1
   469 | D:2      | Reached skill level 3 in Maces & Flails
   524 | D:2      | Reached XP level 3. HP: 36/36 MP: 2/2
   625 | D:2      | Reached ** piety under Trog
   631 | D:2      | Noticed a sky beast
   652 | D:1      | HP: 1/36 [poisoned by an adder]
   778 | D:2      | Killed a sky beast
   778 | D:2      | Reached skill level 1 in Axes
   778 | D:2      | Reached skill level 1 in Throwing
   778 | D:2      | Reached XP level 4. HP: 45/45 MP: 3/3
   778 | D:2      | Reached XP level 5. HP: 53/53 MP: 4/4
   939 | D:2      | Found an iron altar of Okawaru.
  1202 | D:3      | Reached XP level 6. HP: 56/61 MP: 5/5
  1435 | D:3      | Reached *** piety under Trog
  1462 | D:3      | Found a glowing golden altar of the Shining One.
  1553 | D:3      | Found a glowing silver altar of Zin.
  1792 | D:4      | Noticed Purgy
  1801 | D:4      | Killed Purgy
  1867 | D:4      | Noticed Blork the orc
  1881 | D:4      | Killed Blork the orc
  1881 | D:4      | Reached XP level 7. HP: 67/67 MP: 6/6
  1993 | D:4      | Reached skill level 4 in Maces & Flails
  2351 | D:4      | Reached **** piety under Trog
  2387 | D:4      | Reached skill level 1 in Armour
  2390 | D:4      | Reached XP level 8. HP: 27/78 MP: 7/7
  2853 | D:4      | Found a shimmering altar of Xom.
  2853 | D:4      | Found a burning altar of Makhleb.
  2944 | D:4      | Reached skill level 5 in Maces & Flails
  3016 | D:4      | Noticed a hornet
  3174 | D:5      | Entered Level 5 of the Dungeon
  3226 | D:5      | Found a shadowy altar of Dithmenos.
  3226 | D:5      | Found a radiant altar of Vehumet.
  3226 | D:5      | Found a hide-covered altar of Uskayaw.
  3228 | D:5      | Found a glowing golden altar of the Shining One.
  3231 | D:5      | Found a stormy altar of Qazlal.
  3272 | D:5      | Noticed Sigmund
  3283 | D:5      | Killed Sigmund
  3317 | D:5      | Noticed Grinder
  3324 | D:5      | Paralysed by Grinder for 2 turns
  3337 | D:5      | Killed Grinder
  3337 | D:5      | Received a gift from Trog
  3337 | D:5      | Reached skill level 6 in Maces & Flails
  3459 | D:5      | Found a staircase to the Ecumenical Temple.
  3555 | D:5      | Found a runed door.
  3559 | D:5      | Noticed Crazy Yiuf
  3563 | D:5      | Killed Crazy Yiuf
  3620 | D:5      | Reached ***** piety under Trog
  3766 | D:5      | Reached XP level 9. HP: 71/85 MP: 8/8
  4137 | D:6      | Noticed Edmund
  4149 | D:6      | Killed Edmund
  4433 | D:6      | Found a glowing drain.
  4463 | Sewer    | Entered a sewer
  4548 | Sewer    | Received a gift from Trog
  4988 | D:7      | Reached skill level 7 in Maces & Flails
  5052 | D:7      | Reached skill level 5 in Fighting
  5604 | D:8      | Reached skill level 1 in Stealth
  5925 | D:8      | Found a staircase to the Lair.
  5967 | D:8      | Reached skill level 8 in Maces & Flails
  5969 | D:8      | Reached XP level 10. HP: 51/96 MP: 9/9
  6372 | Lair:1   | Entered Level 1 of the Lair of Beasts
  6398 | Lair:1   | Reached skill level 5 in Dodging
  6559 | Lair:1   | Noticed a spiny frog
  6571 | Lair:1   | Killed a spiny frog
  6571 | Lair:1   | Reached skill level 9 in Maces & Flails
  6926 | Lair:1   | Noticed a black mamba
  6953 | Lair:1   | HP: 2/98 [wolf (6)]
  6953 | Lair:1   | Mangled by a black mamba

Vault maps used:
D:1:      dpeg_arrival_snail, minmay_pentomino_v4
D:2:      first_bread, kennysheep_okawaru_gauntlet
D:3:      lemuel_crystal_altar, nicolae_tso_carved_into_rock
D:4:      lemuel_castle_with_subvaults, grunt_temple_overflow_champion_of_chaos,
          uniq_purgy, uniq_blork_the_orc
D:5:      minitemple, temple_statues, uniq_crazy_yiuf_cottage, uniq_sigmund,
          uniq_grinder
D:6:      portal_sewer_entry_f, uniq_edmund
D:8:      minmay_lair_entry_lava, bh_walls_and_bars
D:9:      david_nohive_1, makhleb_blood_cavern_becter
Lair:1:   beast_lair_carwin_7, serial_bayou_shore_b, grunt_megastairs_4,
          serial_bayou_shore_b
Sewer:    sewer_co_purgy_island

Skill      XL: |  1  2  3  4  5  6  7  8  9 10 |
---------------+-------------------------------+-----
Maces & Flails | 3 4 6 8 9 |  9.4
Fighting       | 3 4 5 6 |  6.3
Axes           | 1 2 3 4 |  4.8
Throwing       | 1 2 3 4 |  4.9
Dodging        | 3 4 5 |  5.7
Armour         | 1 3 |  3.8
Stealth        | 1 |  1.2
Polearms       | |  0.4
Evocations     | |  0.2

Action                   |  1- 3 |  4- 6 |  7- 9 | 10-12 || total
-------------------------+-------+-------+-------+-------++-------
Melee: Mace              |    12 |       |       |       ||    12
       Hand axe          |    54 |   121 |    47 |    34 ||   256
       Flail             |       |       |   415 |   112 ||   527
       Trident           |       |       |     5 |       ||     5
       Quarterstaff      |       |       |     2 |       ||     2
Throw: Stone             |    10 |    30 |     1 |     2 ||    43
       Javelin           |     6 |    13 |     5 |       ||    24
       Tomahawk          |     2 |     3 |    28 |    27 ||    60
Invok: Berserk           |     2 |     4 |     6 |     3 ||    15
       Trog's Hand       |       |       |     2 |     1 ||     3
       Burn Spellbooks   |       |       |       |     1 ||     1
Evoke: Wand              |       |       |       |     2 ||     2
  Use: Potion            |       |       |       |     2 ||     2
 Stab: Sleeping          |       |       |     2 |       ||     2
  Eat: Chunk             |    14 |    14 |    46 |    13 ||    87
Armor: Animal skin       |    27 |    38 |       |       ||    65
       Troll leather arm |       |     6 |   168 |    69 ||   243
Dodge: Dodged            |    41 |    77 |   319 |    89 ||   526

Table legend:
 A = Spawn XP
 B = Non-spawn XP
 C = Spawn XP percentage of total XP
 D = Spawn monster count
 E = Non-spawn monster count
 F = Spawn count percentage of total count
 G = Total turns spent on level
                    A         B        C        D         E        F      G
               +---------+---------+-------+---------+---------+-------+---------
         Total |       0 |    9993 |   0.0 |       0 |     265 |   0.0 |  6953
               +---------+---------+-------+---------+---------+-------+---------
           D:1 |       0 |      34 |   0.0 |       0 |      12 |   0.0 |   565
           D:2 |       0 |     202 |   0.0 |       0 |      24 |   0.0 |   592
           D:3 |       0 |     195 |   0.0 |       0 |      30 |   0.0 |   507
           D:4 |       0 |    1412 |   0.0 |       0 |      85 |   0.0 |  1510
           D:5 |       0 |    1119 |   0.0 |       0 |      20 |   0.0 |   963
           D:6 |       0 |     265 |   0.0 |       0 |      12 |   0.0 |   509
           D:7 |       0 |     918 |   0.0 |       0 |      23 |   0.0 |   756
           D:8 |       0 |    1901 |   0.0 |       0 |      31 |   0.0 |   900
        Lair:1 |       0 |    3837 |   0.0 |       0 |      20 |   0.0 |   468
         Sewer |       0 |     110 |   0.0 |       0 |       8 |   0.0 |   176
               +---------+---------+-------+---------+---------+-------+---------
